 Dungeon Crawl Stone Soup version 0.30.1-9-gdf580d7c3d (webtiles) character file.

Game seed: 17832922845241583699

203 Zonian the Magician (level 5, -3/28 HPs)
             Began as a Deep Elf Earth Elementalist on Oct 8, 2023.
             Was an Initiate of Nemelex Xobeh.
             Killed by divine providence
             ... invoked by an orc priest
              (7 damage)
             ... on level 4 of the Dungeon.
             The game lasted 00:05:44 (3468 turns).

Zonian the Magician (Deep Elf Earth Elementalist)   Turns: 3468, Time: 00:05:44

Health: -3/28      AC:  4    Str:  5    XL:     5   Next: 51%
Magic:  7/13       EV: 13    Int: 20    God:    Nemelex Xobeh [......]
Gold:   196        SH:  0    Dex: 17    Spells: 7/12 levels left

rFire   . . .        d - +2 hand axe (elec)
rCold   . . .        (no shield)
rNeg    . . .        a - +1 robe
rPois   .            (no helmet)
rElec   .            h - +0 cloak
rCorr   .            (no gloves)
SInv    .            (no boots)
Will    .....        (no amulet)
Stlth   +++          i - ring of wizardry
HPRegen 0.24/turn    (no ring)
MPRegen 0.13/turn

%: wizardry (x1)
@: no status effects
A: no striking features
a: Renounce Religion, Draw Escape, Draw Destruction, Draw Summoning


You were on level 4 of the Dungeon.
You worshipped Nemelex Xobeh.
Nemelex Xobeh was noncommittal.
You visited 1 branch of the dungeon, and saw 4 of its levels.

You collected 196 gold pieces.

Inventory:

Hand Weapons
 d - a +2 hand axe of electrocution (weapon)
 q - a +0 sling
Missiles
 l - 6 poisoned darts
Armour
 a - a +1 robe (worn)
 h - a +0 cloak (worn)
 n - a scarf of invisibility
Jewellery
 i - a ring of wizardry (left hand)
Wands
 p - a wand of roots (6)
Scrolls
 e - a scroll of fear
 f - a scroll of teleportation
 k - a scroll of poison
 o - a scroll of silence {unknown}
 r - a scroll of enchant weapon {unknown}
 s - a scroll of vulnerability {unknown}
 t - a scroll of noise {unknown}
 u - a scroll of fog {unknown}
 w - a scroll of identify {unknown}
Potions
 b - a potion of magic
 c - a potion of cancellation {unknown}
 g - 5 potions of curing {unknown}
 j - a potion of lignification {unknown}
 m - a potion of degeneration {unknown}
 v - 3 potions of haste {unknown}


   Skills:
 + Level 3.6 Dodging
 + Level 3.9 Stealth
 + Level 4.3 Spellcasting
 + Level 1.3 Conjurations
 + Level 2.6 Transmutations
 + Level 4.2 Earth Magic


You had 7 spell levels left.
You knew the following spells:

 Your Spells              Type           Power      Damage    Failure   Level
a - Sandblast             Erth           42%        2d11      1%          1
b - Stone Arrow           Conj/Erth      30%        3d8       4%          3
c - Beastly Appendage     Tmut           28%        N/A       1%          1

Your spell library contained the following spells:

 Spells                   Type           Power      Damage    Failure   Level
 Passwall                 Tmut/Erth      14%        N/A       1%          2
 Wereblood                Tmut           14%        N/A       2%          2
 Kiss of Death            Conj/Necr      28%        2d7       4%          1
 Freeze                   Ice            16%        1d4       5%          1
 Poisonous Vapours        Pois/Air       8%         N/A       8%          2
 Spider Form              Tmut/Pois      9%         N/A       9%          3
 Hailstorm                Conj/Ice       7%         3d4       12%         3
 Mephitic Cloud           Conj/Pois/Air  6%         N/A       12%         3
 Petrify                  Tmut/Erth      17%        N/A       12%         4
 Confusing Touch          Hex            4%         N/A       16%         3
 Frozen Ramparts          Ice            8%         1d2       16%         3
 Dispel Undead            Necr           4%         3d7       43%         4
 Freezing Cloud           Conj/Ice/Air   3%         6-21      71%         5


Dungeon Overview and Level Annotations

Branches:
Dungeon (4/15)
 Temple: D:4-7

Altars:
Nemelex Xobeh
Ru

Annotations:
D:2 Terence


Message History

The blast of sand hits the adder!
You kill the adder!
An orc comes into view. It is wielding a +0 whip.
Unknown command.
You can't see any susceptible monsters within range! (Use Z to cast anyway.)
You can't see any susceptible monsters within range! (Use Z to cast anyway.)
You can't see any susceptible monsters within range! (Use Z to cast anyway.) Unknown command.
The orc priest invokes the aid of Beogh against you.
Beogh smites you!
Ouch! That really hurt!
The orc throws a boomerang.
The boomerang misses you.
You start resting.
There are monsters nearby!
Unknown command.
The blast of sand hits the orc!
You kill the orc!
The blast of sand hits the orc!
You kill the orc!
The blast of sand hits the orc!
You kill the orc!
Unknown command.
The blast of sand hits the orc priest but does no damage.
The orc priest hits you with a +0 short sword.
The blast of sand hits the orc priest but does no damage.
The orc priest invokes the aid of Beogh against you.
Beogh smites you!
* * * LOW HITPOINT WARNING * * *
Unknown command.
Casting: Sandblast (safe; 1% risk of failure)
Confirm with . or Enter, or press ? or * to list all spells.
Aiming: Sandblast (safe; 1% risk of failure)
Press: ? - help, Shift-Dir - straight line, f/p - orc priest
Aim: an orc priest, wielding a +0 short sword and wearing a +0 chain mail (87% to hit)
The blast of sand hits the orc priest but does no damage.
The orc priest barely misses you.
The orc priest calls down the wrath of Beogh upon you.
Beogh smites you!
You die...
Your body disappears without a glow.

...##...###.##... ##
#.......... ..#..# .
##.......... ..#..#.###
#.......... ....#...
#.........#####.....# #.
#............@#....##o..
#............o#.....oo..
#...........#.....#..
#.......##.))...o....#
#.......##...........'
##.....#.............#
##...####.............#
#......................
#......................


You could see an orc priest.

Vanquished Creatures
  A scorpion (D:4)
  A hound (D:4)
  4 adders
  A shadow imp (D:4)
  A worm (D:2)
  5 orcs
  3 bats (D:1)
  7 endoplasms
  3 giant cockroaches
  8 goblins
  5 hobgoblins
  4 kobolds
  4 quokkas
  9 ball pythons
  A frilled lizard (D:2)
  5 rats
62 creatures vanquished.

Notes
Turn   | Place    | Note
-------+----------+-------------------------------------------
     0 | D:1      | Zonian the Deep Elf Earth Elementalist began the quest for
                  | the Orb.
     0 | D:1      | Reached XP level 1. HP: 10/10 MP: 6/6
   193 | D:1      | Reached XP level 2. HP: 13/15 MP: 4/8
  1189 | D:2      | Reached XP level 3. HP: 19/19 MP: 6/9
  1746 | D:2      | Noticed Terence
  2086 | D:3      | Reached XP level 4. HP: 24/24 MP: 6/11
  2175 | D:3      | Learned a level 3 spell: Stone Arrow
  2177 | D:3      | Learned a level 1 spell: Beastly Appendage
  2329 | D:3      | Found a sparkling altar of Nemelex Xobeh.
  2337 | D:3      | Became a worshipper of Nemelex Xobeh the Trickster
  2657 | D:3      | Found a sacrificial altar of Ru.
  3067 | D:4      | Noticed a scorpion
  3161 | D:4      | Killed a scorpion
  3162 | D:4      | Reached skill level 1 in Conjurations
  3162 | D:4      | Reached XP level 5. HP: 12/28 MP: 6/13
  3468 | D:4      | Killed from afar by an orc priest

Illustrated notes

Levels and vault maps discovered:
D:1:      heliophobic_arrival_ceremonial_halls, layout_loops_ring,
          hangedman_decor_slide_cut, chequers_serial_rivers_small_a,
          serial_bayou_lagoon_b
D:2:      layout_basic, serial_glass, glass_columns_a, glass_columns_a,
          minmay_small_reverse_x, uniq_terence
D:3:      layout_basic, nicolae_ru_sacrificial_ziggurat,
          mainiacjoe_overflow_paths
D:4:      minmay_chambers_of_fours, layout_basic,
          lemuel_mausoleum_altar_yredelemnul, serial_shops, shop

Skill      XL: |  1  2  3  4 |
---------------+-------------+-----
Stealth        | 3 |  3.9
Dodging        | 3 |  3.6
Transmutations | 2 |  2.6
Spellcasting   | 4 |  4.3
Earth Magic    | 4 |  4.2
Conjurations   | 1 |  1.3

Action                     |  1- 3 |  4- 6 || total
---------------------------+-------+-------++-------
   Cast: Sandblast         |    49 |    39 ||    88
  Evoke: Wand              |       |     1 ||     1
    Use: Scroll            |       |     5 ||     5
 Armour: Robe              |     4 |     5 ||     9
  Dodge: Dodged            |     5 |    13 ||    18
